 Dungeon Crawl Stone Soup version 0.27.0-1-g7a089689b8 (webtiles) character file.

Game seed: 15977255195929061758

5 Malachi the Grasshopper (level 1, 0/24 HPs)
             Began as a Demonspawn Warper on Aug 13, 2021.
             Slain by a dart slug (2 damage)
             ... on level 1 of the Dungeon.
             The game lasted 00:00:43 (109 turns).

Malachi the Grasshopper (Demonspawn Warper)          Turns: 109, Time: 00:00:43

Health: 0/24       AC:  3    Str: 11    XL:     1   Next: 66%
Magic:  3/3        EV: 11    Int: 14    God:
Gold:   21         SH:  0    Dex: 12    Spells: 4/4 levels left

rFire    . . .     SeeInvis .   a - +0 spear
rCold    . . .     Faith    .   (no shield)
rNeg     . . .     Spirit   .   b - +0 leather armour
rPois    .         Reflect  .   (no helmet)
rElec    .         Harm     .   (no cloak)
rCorr    .         Rampage  .   (no gloves)
Will     .....                  (no boots)
Stlth    ..........             (no amulet)
HPRegen  0.08/turn              (no ring)
MPRegen  0.08/turn              (no ring)

@: berserking, very quick
A: no striking features
a: no special abilities


You were on level 1 of the Dungeon.
You visited 1 branch of the dungeon, and saw 1 of its levels.

You collected 21 gold pieces.

Inventory:

Hand Weapons
 a - a +0 spear (weapon)
Missiles
 d - 5 boomerangs of dispersal (quivered)
Armour
 b - a +0 leather armour (worn)
Scrolls
 c - a scroll of blinking
 e - a scroll of teleportation {unknown}
 f - a scroll of identify {unknown}


   Skills:
 + Level 2.0 Fighting
 + Level 1.9 Polearms
 + Level 0.8 Throwing
 + Level 0.8 Armour
 + Level 1.8 Dodging
 + Level 2.0 Spellcasting
 + Level 2.8 Translocations


You had 4 spell levels left.
You didn't know any spells.
Your spell library contained the following spells:

 Spells                   Type           Power      Damage    Failure   Level
 Blink                    Tloc           N/A        N/A       14%         2
 Gell's Gravitas          Tloc           4%         N/A       28%         3
 Lesser Beckoning         Tloc           4%         N/A       28%         3
 Teleport Other           Tloc           9%         N/A       28%         3
 Passwall                 Tmut/Erth      0%         N/A       43%         2
 Swiftness                Air            1%         N/A       67%         3
 Manifold Assault         Tloc           9%         N/A       95%         5
 Invisibility             Hex            0%         N/A       100%        6


Dungeon Overview and Level Annotations

Branches:
Dungeon (1/15)

Altars:

Shops:
D:1 :=


Message History

The hobgoblin is almost dead.
The giant cockroach bites you but does no damage.
The hobgoblin hits you.
The giant cockroach bites you but does no damage.
You closely miss the hobgoblin.
The hobgoblin is almost dead.
The dart slug bites you but does no damage.
The hobgoblin hits you. The giant cockroach misses you.
You are too injured to fight recklessly!
You are too injured to fight recklessly!
You are too injured to fight recklessly!
You swing at nothing.
The giant cockroach bites you. The hobgoblin hits you. The dart slug bites you.
* * * LOW HITPOINT WARNING * * *
The giant cockroach bites you.
* * * LOW HITPOINT WARNING * * *
It was a potion of berserk rage.
A red film seems to cover your vision as you go berserk!
You feel yourself moving faster!
You feel mighty! The giant cockroach closely misses you.
The hobgoblin hits you.
* * * LOW HITPOINT WARNING * * *
You puncture the giant cockroach!
You kill the giant cockroach!
The hobgoblin barely misses you.
You hit the hobgoblin.
You kill the hobgoblin!
The dart slug launches a dart at you. The slug dart misses you.
You are too berserk!
Unknown command.
You see here a hobgoblin corpse.
A dart slug is nearby!
A dart slug is nearby!
A dart slug is nearby!
You hit the dart slug.
The dart slug is moderately wounded.
You hit the dart slug.
The dart slug is almost dead.
The dart slug bites you.
You die...

...# ##.......... .?#
#..........# #.#
#........>.## ##.##
#...........## # ####...#
#.............
..##......###..........# #
......................####
..........................
.........@###..........###
.........w.##...........##
...$!..⌠.⌠.##.............
..##....∩..##..........##[
# ####⌠.⌠###..........##.
##### ##............
##......##### ########


You could see a dart slug.

Vanquished Creatures
  A giant cockroach (D:1)
  2 hobgoblins (D:1)
  A ball python (D:1)
  A rat (D:1)
5 creatures vanquished.

Notes
Turn   | Place    | Note
-------+----------+-------------------------------------------
     0 | D:1      | Malachi the Demonspawn Warper began the quest for the Orb.
     0 | D:1      | Reached XP level 1. HP: 16/16 MP: 3/3
    24 | D:1      | Found Edizarch's Jewellery Emporium.
    87 | D:1      | Found Voasukel's Book Shop.
   109 | D:1      | Slain by a dart slug

Illustrated notes

Levels and vault maps discovered:
D:1:      elethiomel_arrival_quiet, layout_rooms,
          ebering_ecumenical_altar_abandoned, serial_shops, shop_fountains,
          shop, columned_hall_lemuel

Action                   || total
-------------------------++-------
Melee: Spear             ||    18
  Use: Potion            ||     1
Armor: Leather armour    ||     4
Dodge: Dodged            ||    11
